 Dungeon Crawl Stone Soup version 0.30-a0-1075-gcd70e7a56d (webtiles) character file.

Game seed: 5105940867955746153

37 billz999 the Digger (level 3, -3/19 HPs)
             Began as a Gargoyle Earth Elementalist on Apr 14, 2023.
             Slain by a gnoll
             ... wielding a +2 vampiric halberd
              (7 damage)
             ... on level 3 of the Dungeon.
             The game lasted 00:04:13 (1238 turns).

billz999 the Digger (Gargoyle Earth Elementalist)   Turns: 1238, Time: 00:04:13

Health: -3/19      AC:  6    Str: 11    XL:     3   Next: 41%
Magic:  4/6        EV: 12    Int: 17    God:
Gold:   40         SH:  0    Dex: 10    Spells: 6/7 levels left

rFire   . . .      SeeInvis .    d - staff of earth
rCold   . . .      Faith    .    (no shield)
rNeg    + . .      Spirit   .    a - +0 robe
rPois   ∞          Reflect  .    (no helmet)
rElec   +          Rampage  .    g - +0 cloak
rCorr   .                        (no gloves)
Will    .....                    (no boots)
Stlth   ++                       (no amulet)
HPRegen 0.23/turn                (no ring)
MPRegen 0.10/turn                (no ring)

@: no status effects
A: sickness immunity, AC +3, negative energy resistance 1, electricity
resistance, torment resistance 1, petrification resistance
a: no special abilities


You were on level 3 of the Dungeon.
You visited 1 branch of the dungeon, and saw 3 of its levels.

You collected 40 gold pieces.

Inventory:

Missiles
 m - a throwing net
Armour
 a - a +0 robe (worn)
 g - a +0 cloak (worn)
Magical Staves
 d - a staff of earth (weapon)
Scrolls
 c - a scroll of teleportation {unknown}
 e - 2 scrolls of immolation {unknown}
 f - a scroll of identify {unknown}
 h - a scroll of acquirement {unknown}
 j - a scroll of vulnerability
 o - a scroll of fear {unknown}
Potions
 b - a potion of magic
 i - a potion of degeneration {unknown}
 k - 2 potions of curing {unknown}
 l - 2 potions of brilliance {unknown}
 n - a potion of cancellation {unknown}


   Skills:
 - Level 1.6 Dodging
 - Level 2.2 Stealth
 + Level 2.5 Spellcasting
 - Level 0.8 Transmutations
 * Level 4.7 Earth Magic


You had 6 spell levels left.
You knew the following spells:

 Your Spells              Type           Power      Damage    Failure   Level
a - Sandblast             Erth           54%        2d13      2%          1

Your spell library contained the following spells:

 Spells                   Type           Power      Damage    Failure   Level
 Passwall                 Tmut/Erth      14%        N/A       9%          2
 Stone Arrow              Conj/Erth      30%        3d8       21%         3
 Petrify                  Tmut/Erth      17%        N/A       52%         4


Dungeon Overview and Level Annotations

Branches:
Dungeon (2/15)

Altars:
Yredelemnul


Innate Abilities, Weirdness & Mutations

You are immune to sickness and miasma.
Your stone body is resilient. (AC +3)
You are immune to poison.
You resist negative energy. (rN+)
You are resistant to electric shocks. (rElec)
You are resistant to unholy torment.
You are immune to petrification.


Message History

You don't know that spell.
Casting: Sandblast (safe; 2% risk of failure)
Confirm with . or Enter, or press ? or * to list all spells.
You don't know that spell.
Casting: Sandblast (safe; 2% risk of failure)
Confirm with . or Enter, or press ? or * to list all spells.
Aiming: Sandblast (safe; 2% risk of failure)
Press: ? - help, Shift-Dir - straight line, f - gnoll
Aim: a gnoll, wielding a +0 club (85% to hit)
You feel a surge of power!
The blast of sand hits the gnoll!
The gnoll is almost dead.
Unknown command.
Casting: Sandblast (safe; 2% risk of failure)
Confirm with . or Enter, or press ? or * to list all spells.
Aiming: Sandblast (safe; 2% risk of failure)
Press: ? - help, Shift-Dir - straight line, f/p - gnoll
Aim: a gnoll, wielding a +0 club (almost dead, 85% to hit)
You feel a surge of power!
The blast of sand hits the gnoll!
You kill the gnoll!
Unknown command.
Casting: Sandblast (safe; 2% risk of failure)
Confirm with . or Enter, or press ? or * to list all spells.
You don't know that spell.
Casting: Sandblast (safe; 2% risk of failure)
Confirm with . or Enter, or press ? or * to list all spells.
Okay, then.
The gnoll attacks as you move away!
The gnoll hits you with a +2 flail of protection.
The gnoll throws a throwing net.
The throwing net hits you.
You become entangled in the net!
You see here a throwing net.
You struggle against the net.
The gnoll hits you but does no damage.
The gnoll hits you with a +2 flail of protection.
You struggle against the net.
The gnoll hits you from afar with a +0 halberd.
The gnoll hits you with a +2 flail of protection!
* * * LOW HITPOINT WARNING * * *
You rip the net and break free!
The gnoll barely misses you.
The gnoll hits you from afar with a +2 vampiric halberd!
You die...

########
#......#
#......#
#......#
#......#
#......#####
#...........#
#..g@..####..
#..........#
#.g.g!.###.#
#.)....#
..$........
###.....###..
#.....# #
#.....#
#.....#


You could see 3 gnolls.

Vanquished Creatures
  A gnoll (D:3)
  An adder (D:2)
  3 bats
  4 endoplasms
  2 hobgoblins (D:1)
  2 ball pythons (D:1)
  A frilled lizard (D:1)
  A goblin (D:1)
  2 kobolds (D:1)
  3 rats
20 creatures vanquished.

Notes
Turn   | Place    | Note
-------+----------+-------------------------------------------
     0 | D:1      | billz999 the Gargoyle Earth Elementalist began the quest
                  | for the Orb.
     0 | D:1      | Reached XP level 1. HP: 10/10 MP: 3/3
   468 | D:1      | Reached skill level 4 in Earth Magic
   468 | D:1      | Reached XP level 2. HP: 15/15 MP: 3/5
   917 | D:2      | Found a basalt altar of Yredelemnul.
  1084 | D:2      | Reached XP level 3. HP: 19/19 MP: 3/6
  1220 | D:2      | You fall into a shaft and drop 1 floor!
  1238 | D:3      | Slain by a gnoll

Illustrated notes

Levels and vault maps discovered:
D:1:      spicycebolla_arrival_clurvy, layout_basic
D:2:      layout_basic, basic_altar, uniq_jessica
D:3:      layout_rooms, nicolae_yredelemnul_corpse_copse,
          mainiacjoe_overflow_two_lobes

Skill      XL: |  1 |
---------------+----+-----
Earth Magic    | 4 |  4.7
Dodging        | |  1.6
Stealth        | |  2.2
Spellcasting   | |  2.5
Transmutations | |  0.8

Action                     || total
---------------------------++-------
   Cast: Sandblast         ||    24
    Use: Scroll            ||     1
 Armour: Robe              ||     1
  Dodge: Dodged            ||     6

Table legend: (Time is in decaauts)
 A = Elapsed time spent in this place.
 B = Non-inter-level travel time spent in this place.
 C = Inter-level travel time spent in this place.
 D = Time resting spent in this place.
 E = Time spent auto-exploring this place.
 F = Levels seen in this place.
 G = Mean time per level.
                   A        B        C        D        E       F      G
               +--------+--------+--------+--------+--------+-----+--------+
         Total |   1248 |   1176 |     72 |     20 |   1017 |   3 |  416.0 |
       Dungeon |   1248 |   1176 |     72 |     20 |   1017 |   3 |  416.0 |
               +--------+--------+--------+--------+--------+-----+--------+

Top non-repeatable levels by time:
     D:1: 921 daAuts
     D:2: 308 daAuts
     D:3: 18 daAuts
